 Dungeon Crawl Stone Soup version 0.29-a0-359-g541a27f54d (webtiles) character file.

Game seed: 10129219330041366615

5340 Morbidden the Cleaver (level 10, -8/86 HPs)
             Began as a Minotaur Fighter on Apr 27, 2022.
             Mangled by a death knight
             ... wielding the +5 bardiche of Calamity {flame, *Rage rN+ Stlth+}
              (12 damage)
             ... on level 9 of the Dungeon.
             The game lasted 00:09:46 (7484 turns).

Morbidden the Cleaver (Minotaur Fighter)            Turns: 7484, Time: 00:09:47

Health: -8/86      AC: 29    Str: 30 (32) XL:     10   Next: 38%
Magic:  22/22      EV: 10    Int:  2 (5)  God:
Gold:   457        SH: 14    Dex: 11 (12) Spells: 4/14 levels left

rFire   . . .      SeeInvis .   a - +8 hand axe of Big Damage {protect, Str+6 Stlth+}
rCold   + . .      Faith    .   G - +1 tower shield
rNeg    . . .      Spirit   .   b - +0 plate armour
rPois   .          Reflect  .   (helmet restricted)
rElec   .          Harm     .   w - +2 cloak
rCorr   .          Rampage  .   q - +1 pair of gloves {Dex+3}
Will    .....                   (no boots)
Stlth   ..........              (no amulet)
HPRegen 0.24/turn               J - +4 ring of evasion
MPRegen 0.18/turn               B - ring of Incredulity {rC+ MP+9 AC+4}

@: mighty, under a protective aura, flying, studying Necromancy
A: horns 2, retaliatory headbutt
a: no special abilities


You were on level 9 of the Dungeon.
You visited 2 branches of the dungeon, and saw 10 of its levels.

You collected 457 gold pieces.

Inventory:

Hand Weapons
 a - the +8 hand axe of Big Damage (weapon) {protect, Str+6 Stlth+}
   (You found it on level 3 of the Dungeon)

   It grants its wielder temporary protection when it strikes (+7 to AC).
   Str:       It affects your strength (+6).
   Stlth:     It makes you more stealthy.
 x - a +0 war axe
 z - a +0 morningstar
 F - a +2 flail of protection
Missiles
 y - 5 boomerangs (quivered)
 D - a throwing net
Armour
 b - a +0 plate armour (worn)
 q - a +1 pair of gloves of dexterity (worn)
 w - a +2 cloak (worn)
 G - a +1 tower shield (worn)
Jewellery
 s - a ring of resist corrosion
 B - the ring of Incredulity (right hand) {rC+ MP+9 AC+4}
   (You found it on level 5 of the Dungeon)

   [ring of protection]

   AC:        It affects your AC (+4).
   rC:        It protects you from cold.
   MP:        It affects your magic capacity (+9).
 H - a ring of flight
 J - a +4 ring of evasion (left hand)
Wands
 p - a wand of paralysis (7)
 I - a wand of digging (7)
Scrolls
 c - a scroll of teleportation {unknown}
 f - 3 scrolls of noise
 g - 9 scrolls of identify
 i - a scroll of blinking
 j - a scroll of amnesia
 r - a scroll of magic mapping
 A - a scroll of enchant armour
 C - a scroll of immolation {unknown}
 E - a scroll of silence {unknown}
 N - a scroll of holy word {unknown}
Potions
 d - 2 potions of might
 e - 3 potions of resistance
 h - 2 potions of curing
 k - a potion of cancellation {unknown}
 l - a potion of degeneration
 m - a potion of magic {unknown}
 n - a potion of berserk rage {unknown}
 t - 3 potions of flight
 u - a potion of mutation {unknown}
 L - a potion of brilliance {unknown}


   Skills:
 * Level 7.3 Fighting
 * Level 10.4(11.0) Axes
 * Level 5.3(8.6) Maces & Flails
 + Level 5.9 Armour
 * Level 5.4 Dodging
 + Level 1.0 Stealth
 * Level 6.5 Shields
 * Level 2.6 Spellcasting
 * Level 2.7 Conjurations
 * Level 1.7 Translocations
 * Level 2.7 Earth Magic


You had 4 spell levels left.
You knew the following spells:

 Your Spells              Type           Power      Damage    Failure   Level
a - Iron Shot             Conj/Erth      0%         9d1       100%        6
b - Iskenderun's Mystic   Conj/Tloc      1%         2d3       100%        4

Your spell library contained the following spells:

 Spells                   Type           Power      Damage    Failure   Level
 Ignite Poison            Fire/Tmut/Pois 0%         N/A       100%        3
 Flame Wave               Conj/Fire      0%         2d4       100%        4
 Iskenderun's Battlesphe  Conj           1%         2d6       100%        5
 Spellforged Servitor     Conj/Summ      0%         N/A       100%        7


Dungeon Overview and Level Annotations

Branches:
Dungeon (9/15)             Temple (1/1) D:6             Orc (0/2) D:9
   Lair: D:8-11

Altars:
Dithmenos
Elyvilon
Fedhas
Gozag
Kikubaaqudgha
Makhleb
Nemelex Xobeh
Okawaru
Qazlal
Ru
Sif Muna
Trog
Uskayaw
Vehumet
Wu Jian
Xom
Zin
The Shining One
Lugonu

Shops:
D:8 (

Annotations:
D:5 1 runed translucent door, bgiannan's ghost, novice HOFi


Innate Abilities, Weirdness & Mutations

You have a pair of horns on your head.
You reflexively headbutt those who attack you in melee.


Message History

You feel much better.
Something barely misses your gnoll sergeant.
Unknown command.
Something hits your gnoll!!! Something burns your gnoll.
Your gnoll dies!
Your gnoll's corpse dissolves into shadows!
Unknown command.
Something hits your gnoll!! Something burns your gnoll.
Your gnoll dies!
Your gnoll's corpse dissolves into shadows!
You block the death knight's attack.
Your gnoll completely misses the death knight.
Your gnoll sergeant hits the death knight with a +4 spear of flaming.
Your gnoll sergeant burns the death knight.
Unknown command.
You barely miss the death knight.
The death knight is heavily wounded.
The death knight hits you with the +5 bardiche of Calamity {flame, *Rage rN+ Stlth+}!!
* * * LOW HITPOINT WARNING * * *
The death knight burns you!
* * * LOW HITPOINT WARNING * * *
Your gnoll hits the death knight but does no damage.
Your gnoll sergeant hits the death knight with a +4 spear of flaming!
Your gnoll sergeant burns the death knight.
The death knight hits your gnoll sergeant with the +5 bardiche of Calamity {flame, *Rage rN+ Stlth+}!!!
The death knight burns your gnoll sergeant.
Your gnoll sergeant dies!
Your gnoll sergeant's corpse dissolves into shadows!
The death knight shouts!
You hit the death knight but do no damage.
Your weapon exudes an aura of protection.
You headbutt the death knight!
The death knight is severely wounded.
You block the death knight's attack.
Your gnoll hits the death knight but does no damage.
Unknown command.
You hit the death knight but do no damage.
The death knight is severely wounded.
The death knight hits you with the +5 bardiche of Calamity {flame, *Rage rN+ Stlth+}!
You die...

.........##♣p♣##*******,*********
.........#..c..#*,,,,**,**,,,,**,
.........#♣...♣#***,*,,,,,*,****,
.........#.♣.♣.#,,,,*,,8,,*,,,,*,
.........#♣...♣#***,*,,,,,*,****,
......#†.#.....#*,,,,**,**,,,,**,
#.##..#..###)######**************
#.....#..†..).gp§§#,,,,,,,,,,,*,,
####..+....#g§§#@§#,,,,,,,,,,,*,,
##+#......######,,,,,,,,,,,*+*
**,,#######.#***************,,,
*,,,,,* *,...,,,,,,,* *,,,
*,,,,,* *,....,,,,,,* *,,,
*,,,,,* *,....,,,,,,* *,,,
*,,,,,* *,,....,,,,,* *,,,
*,,,,,* *,,,,,,,,,,,* *,,,
******* ************* *,,,


You could see a death knight (berserk, ally target) and a friendly gnoll
(summoned).

Vanquished Creatures
  A hornet (D:9)
  A shadow (D:9)
  A yak (D:9)
  2 steam dragons
  Edmund (D:6)
  An acid dragon (D:8)
  Duvessa (D:6)
  A water moccasin (D:8)
  An orc warrior (D:7)
  An ice beast (D:8)
  A black bear (D:5)
  A sky beast (D:7)
  A centaur (D:9)
  4 ogres
  3 phantoms
  7 bullfrogs
  A gnoll sergeant (D:8)
  3 scorpions
  3 wights (D:9)
  Dowan (D:6)
  13 killer bees
  7 howler monkeys (D:9)
  2 orc priests
  5 hounds
  2 jellies
  A gnoll shaman (D:9)
  3 iguanas
  7 orc wizards
  7 gnolls
  8 adders
  A white imp (D:7)
  2 ufetubi
  2 worms (D:3)
  2 dart slugs
  32 orcs
  7 ball pythons
  4 bats
  12 endoplasms
  A giant cockroach (D:2)
  16 goblins
  A hobgoblin (D:4)
  7 kobolds
  A quokka (D:1)
  2 frilled lizards (D:1)
  5 rats
186 creatures vanquished.

Vanquished Creatures (collateral kills)
  A centaur warrior (D:9)
1 creature vanquished.

Grand Total: 187 creatures vanquished

Notes
Turn   | Place    | Note
-------+----------+-------------------------------------------
     0 | D:1      | Morbidden the Minotaur Fighter began the quest for the Orb.
     0 | D:1      | Reached XP level 1. HP: 19/19 MP: 0/0
   408 | D:1      | Reached XP level 2. HP: 27/27 MP: 1/1
   687 | D:1      | Found a faded altar of an unknown god.
   936 | D:2      | Reached XP level 3. HP: 33/33 MP: 2/2
  1128 | D:2      | Reached skill level 3 in Axes
  1255 | D:2      | You fall into a shaft and drop 2 floors!
  1259 | D:4      | Noticed a phantom
  1265 | D:4      | Reached skill level 1 in Maces & Flails
  1274 | D:4      | Killed a phantom
  1275 | D:4      | Reached skill level 1 in Dodging
  1275 | D:4      | Reached XP level 4. HP: 24/41 MP: 2/4
  1279 | D:4      | Reached skill level 4 in Axes
  1279 | D:4      | Reached XP level 5. HP: 26/47 MP: 2/5
  1427 | D:4      | Found a glowing golden altar of the Shining One.
  1650 | D:4      | Reached skill level 1 in Spellcasting
  1661 | D:4      | Found an iron altar of Okawaru.
  1779 | D:4      | Noticed an ogre
  1788 | D:4      | Killed an ogre
  1789 | D:4      | Reached skill level 5 in Axes
  1789 | D:4      | Reached XP level 6. HP: 46/55 MP: 6/6
  1790 | D:4      | Reached skill level 5 in Fighting
  2237 | D:3      | Identified the +8 hand axe of Big Damage {protect, Str+6
                  | Stlth+}
  3269 | D:5      | Entered Level 5 of the Dungeon
  3269 | D:5      | Found a bloodstained altar of Trog.
  3399 | D:5      | Reached skill level 6 in Axes
  3399 | D:5      | Reached XP level 7. HP: 58/61 MP: 7/7
  3416 | D:5      | Found a burning altar of Makhleb.
  3416 | D:5      | Noticed a balrug
  3440 | D:5      | Learned a level 6 spell: Iron Shot
  3453 | D:5      | Found an ancient bone altar of Kikubaaqudgha.
  3547 | D:5      | Found a sacrificial altar of Ru.
  3691 | D:5      | Reached skill level 5 in Armour
  3737 | D:5      | Noticed bgiannan's ghost (novice HOFi)
  3830 | D:5      | Identified the ring of Incredulity {rC+ MP+9 AC+4}
  3881 | D:5      | Reached skill level 7 in Axes
  3881 | D:5      | Reached XP level 8. HP: 66/69 MP: 9/9
  4049 | D:5      | Found a runed translucent door.
  4291 | D:6      | Reached skill level 1 in Conjurations
  4409 | D:6      | Got the Reference Book on Displaced Flames
  4443 | D:6      | Noticed Edmund
  4463 | D:6      | Killed Edmund
  4464 | D:6      | Reached skill level 1 in Earth Magic
  4527 | D:6      | Found a staircase to the Ecumenical Temple.
  4539 | D:6      | Noticed Duvessa
  4539 | D:6      | Noticed Dowan
  4546 | D:6      | Killed Duvessa
  4547 | D:6      | Reached skill level 8 in Axes
  4554 | D:6      | Killed Dowan
  4577 | Temple   | Entered the Ecumenical Temple
  4827 | D:6      | Found a radiant altar of Vehumet.
  4834 | D:6      | Found an opulent altar of Gozag.
  5374 | D:7      | Reached XP level 9. HP: 75/75 MP: 11/11
  5456 | D:7      | Learned a level 4 spell: Iskenderun's Mystic Blast
  5598 | D:7      | Found a shimmering blue altar of Sif Muna.
  6022 | D:8      | Reached skill level 5 in Shields
  6131 | D:8      | Found a shimmering altar of Xom.
  6131 | D:8      | Found a shimmering altar of Xom.
  6131 | D:8      | Found a shimmering altar of Xom.
  6131 | D:8      | Found a shimmering altar of Xom.
  6131 | D:8      | Found a shimmering altar of Xom.
  6391 | D:8      | Reached skill level 9 in Axes
  6418 | D:8      | Reached skill level 1 in Stealth
  6427 | D:8      | Found a sparkling altar of Nemelex Xobeh.
  6631 | D:8      | Found a white marble altar of Elyvilon.
  6661 | D:8      | Found Joehit's Weapon Shop.
  6884 | D:9      | Reached skill level 5 in Maces & Flails
  6990 | D:9      | Reached skill level 10 in Axes
  7109 | D:9      | Reached skill level 1 in Translocations
  7109 | D:9      | Reached XP level 10. HP: 47/84 MP: 12/12
  7265 | D:9      | Found a staircase to the Orcish Mines.
  7304 | D:9      | Reached skill level 5 in Dodging
  7445 | D:9      | Noticed a centaur warrior
  7448 | D:9      | Identified the +5 bardiche of Calamity {flame, *Rage rN+
                  | Stlth+}
  7448 | D:9      | Noticed a death knight
  7468 | D:9      | Killed a centaur warrior
  7482 | D:9      | HP: 4/86 [death knight/the +5 bardiche of Calamity {flame,
                  | *Rage rN+ Stlth+} (14)]
  7484 | D:9      | Mangled by a death knight

Illustrated notes

Levels and vault maps discovered:
D:1:      roderic_dead_forest, layout_loops_ring,
          shapermc_ecumenical_altar_mp_highgroup
D:2:      layout_loops_ring
D:3:      layout_basic, corner_web_ring
D:4:      layout_rooms, mainiacjoe_overflow_24_doors, tso_metal_star,
          minmay_ogre_servants
D:5:      layout_loops_ring, bloody_trog, nicolae_ru_sacrificial_ziggurat,
          lemuel_tele_altar, makhleb_altar_promises_db,
          hellmonk_ghost_happy_afterlife
D:6:      layout_loops_cross, amethyst_overflow_temple_binary,
          minmay_temple_entry_antechambers, uniq_duvessa, uniq_edmund
D:7:      layout_cave_pods, mainiacjoe_overflow_cross_hatched, st_stairs_2,
          minmay_liquid_box, minmay_manual_monstrance
D:8:      layout_loops_ring, mainiacjoe_overflow_alcove_4,
          mainiacjoe_overflow_surrounded_room, xom_redecorated, serial_shops,
          shop
D:9:      nzn_winding_woodlands_large [nzn_winding_woodlands_5x5_cross,
          nzn_winding_woodlands_5x15_sidewinder,
          nzn_winding_woodlands_5x5_three,
          nzn_winding_woodlands_center_triple_pond,
          nzn_winding_woodlands_15x15_thick_spiral,
          nzn_winding_woodlands_center_pierced_h,
          nzn_winding_woodlands_5x5_perimeter, nzn_winding_woodlands_5x15_eye,
          nzn_winding_woodlands_hourglass], layout_gridville, david_orc_3
Temple:   corrupted_temple

Skill      XL: |  1  2  3  4  5  6  7  8  9 10 |
---------------+-------------------------------+-----
Fighting       | 4 5 6 7 |  7.3
Axes           | 3 4 5 6 7 8 10 | 10.4
Maces & Flails | 1 2 3 4 5 |  5.3
Armour         | 4 5 |  5.9
Dodging        | 1 2 3 4 5 |  5.4
Spellcasting   | 1 2 |  2.6
Shields        | 4 6 |  6.5
Conjurations   | 1 2 |  2.7
Earth Magic    | 1 2 |  2.7
Stealth        | 1 |  1.0
Translocations | 1 |  1.7

Action                   |  1- 3 |  4- 6 |  7- 9 | 10-12 || total
-------------------------+-------+-------+-------+-------++-------
Melee: War axe           |    75 |    65 |       |       ||   140
       Headbutt          |     6 |    16 |    35 |    11 ||    68
       Hand axe          |       |    38 |   228 |    37 ||   303
  Use: Scroll            |       |       |       |     8 ||     8
       Potion            |       |       |       |     6 ||     6
Armor: Scale mail        |    44 |    62 |    16 |       ||   122
       Plate armour      |       |       |   122 |    13 ||   135
Dodge: Dodged            |    42 |    28 |    59 |    11 ||   140
Block: Buckler           |    17 |       |       |       ||    17
       Kite shield       |       |    25 |    50 |       ||    75
       Tower shield      |       |       |    92 |    28 ||   120

Table legend: (Time is in decaauts)
 A = Elapsed time spent in this place.
 B = Non-inter-level travel time spent in this place.
 C = Inter-level travel time spent in this place.
 D = Time resting spent in this place.
 E = Time spent auto-exploring this place.
 F = Levels seen in this place.
 G = Mean time per level.
                   A        B        C        D        E       F      G
               +--------+--------+--------+--------+--------+-----+--------+
         Total |   7583 |   7335 |    248 |    302 |   5681 |  10 |  758.3 |
       Dungeon |   7541 |   7305 |    236 |    302 |   5659 |   9 |  837.9 |
        Temple |     41 |     29 |     12 |      0 |     22 |   1 |   41.0 |
               +--------+--------+--------+--------+--------+-----+--------+

Top non-repeatable levels by time:
     D:5: 1022 daAuts
     D:7: 963 daAuts
     D:4: 946 daAuts
     D:3: 924 daAuts
     D:8: 911 daAuts
     D:1: 796 daAuts
     D:6: 715 daAuts
     D:2: 662 daAuts
     D:9: 599 daAuts
  Temple: 41 daAuts
